 Dungeon Crawl Stone Soup version 0.30.0-5-g1a98f26d00 (webtiles) character file.

Game seed: 180419615587397372

7661 mikuke the Severer (level 10, -4/117 HPs)
             Began as a Minotaur Berserker on May 10, 2023.
             Was an Elder of Trog.
             Slain by an 11-headed hydra (8 damage)
             ... on level 10 of the Dungeon.
             The game lasted 01:40:15 (14587 turns).

mikuke the Severer (Minotaur Berserker)            Turns: 14587, Time: 01:40:15

Health: -4/117     AC: 14    Str: 30    XL:     10   Next: 99%
Magic:  9/9        EV: 16    Int:  7    God:    Trog [****..]
Gold:   627        SH:  5    Dex: 10    Spells: 9/9 levels left

rFire   + . .        m - +3 war axe (freeze)
rCold   . . .        (no shield)
rNeg    . . .        a - +5 ring mail "Catux" {rF+ Str+4 Int+3}
rPois   +            (helmet restricted)
rElec   .            K - +2 cloak {rPois}
rCorr   .            (no gloves)
SInv    +            w - +0 pair of boots
Will    .....        e - amulet of reflection Stlth
                     c - +5 ring of evasion
HPRegen 0.39/turn    g - ring of see invisible
MPRegen 0.11/turn

%: reflection
@: berserking, very quick
A: horns 2, retaliatory headbutt
a: Renounce Religion, Berserk, Trog's Hand, Brothers in Arms


You were on level 10 of the Dungeon.
You worshipped Trog.
Trog was greatly pleased with you.
You visited 3 branches of the dungeon, and saw 12 of its levels.

You collected 627 gold pieces.

Inventory:

Hand Weapons
 m - a +3 war axe of freezing (weapon)
 n - a +0 mace of protection
Missiles
 i - 8 poisoned darts (quivered)
 l - 4 javelins
 o - 68 stones
 u - 2 throwing nets
Armour
 a - the +5 ring mail "Catux" (worn) {rF+ Str+4 Int+3}
   (You found it on level 9 of the Dungeon)

   Str:       It affects your strength (+4).
   Int:       It affects your intelligence (+3).
   rF:        It protects you from fire.
 w - a +0 pair of boots (worn)
 K - a +2 cloak of poison resistance (worn)
Jewellery
 c - a +5 ring of evasion (left hand)
 e - an amulet of reflection (around neck)
 g - a ring of see invisible (right hand)
 r - a ring of protection from fire
 x - a ring of positive energy
 C - a ring of protection from cold
 H - a +6 ring of intelligence
Wands
 p - a wand of flame (17)
 y - a wand of roots (20)
 B - a wand of charming (9)
Scrolls
 j - 8 scrolls of teleportation
 k - a scroll of fog
 q - 2 scrolls of vulnerability
 s - 3 scrolls of immolation
 v - a scroll of enchant armour
 D - a scroll of enchant weapon
 F - 3 scrolls of fear
 G - 2 scrolls of blinking
 I - a scroll of amnesia
Potions
 b - a potion of haste
 d - a potion of berserk rage
 f - 5 potions of heal wounds
 h - 6 potions of curing
 t - 3 potions of flight
 z - a potion of magic
 A - 2 potions of mutation
 E - 2 potions of ambrosia {unknown}
Miscellaneous
 J - a piece from Xom's chessboard (15/15)


   Skills:
 - Level 3.7 Fighting
 * Level 19.4(19.5) Axes
 - Level 2.8(13.1) Maces & Flails
 - Level 2.4 Armour
 - Level 2.2 Dodging


You had 9 spell levels left.
You didn't know any spells.
Your spell library was empty.

Dungeon Overview and Level Annotations

Branches:
Dungeon (10/15)            Temple (1/1) D:5            Lair (1/5) D:8
    Orc: D:9-12

Altars:
Ashenzari
Cheibriados
Dithmenos
Elyvilon
Fedhas
Gozag
Hepliaklqana
Kikubaaqudgha
Makhleb
Okawaru
Qazlal
Ru
Sif Muna
Trog
Uskayaw
Vehumet
Wu Jian
Xom
Yredelemnul
Zin
The Shining One

Shops:
D:1 ((   D:3 *


Innate Abilities, Weirdness & Mutations

You have a pair of horns on your head.
You reflexively headbutt those who attack you in melee.


Message History

You kill the two-headed ogre!
Trog accepts your kill.
You barely miss the seven-headed hydra. You headbutt the seven-headed hydra.
The seven-headed hydra is lightly wounded.
You slice one of the seven-headed hydra's heads off!
The six-headed hydra grows two more!
You slice the eight-headed hydra!! You freeze the eight-headed hydra.
The eight-headed hydra is moderately wounded.
You hear a shout!
The eight-headed hydra bites you but does no damage.
The eight-headed hydra barely misses you.
The eight-headed hydra bites you.
You block the eight-headed hydra's attack.
The eight-headed hydra bites you but does no damage. x2
The eight-headed hydra bites you!
You block the eight-headed hydra's attack.
You lop one of the eight-headed hydra's heads off!
The seven-headed hydra grows two more!
You slash the nine-headed hydra!
The nine-headed hydra seems to slow down.
You freeze the nine-headed hydra.
The nine-headed hydra is heavily wounded.
You hack one of the nine-headed hydra's heads off!
The eight-headed hydra grows two more!
You slash the ten-headed hydra! You freeze the ten-headed hydra.
You headbutt the ten-headed hydra!
The ten-headed hydra is severely wounded.
You chop one of the ten-headed hydra's heads off!
The nine-headed hydra grows two more!
You slash the 11-headed hydra! You freeze the 11-headed hydra.
The 11-headed hydra is severely wounded.
The 11-headed hydra closely misses you. The 11-headed hydra misses you.
The 11-headed hydra barely misses you. The 11-headed hydra bites you!
* * * LOW HITPOINT WARNING * * *
The 11-headed hydra bites you!
* * * LOW HITPOINT WARNING * * *
The 11-headed hydra bites you.
* * * LOW HITPOINT WARNING * * *
The 11-headed hydra closely misses you. The 11-headed hydra bites you!
* * * LOW HITPOINT WARNING * * *
The 11-headed hydra misses you. The 11-headed hydra bites you!
You die...

...#
#...........#
...#
#...........#
...#
#...........#
...#
#...........#
.###
#...........#
#...........#
########..###
#.......##
...#####@.# .
#D#..# #.#
#.# #$# ...
#}# .... #.#
...# #.# ...#
.# ..#


You could see a 11-headed hydra (slow).

Vanquished Creatures
  Harold (D:9)
  A catoblepas (Lair:1)
  A two-headed ogre (D:10)
  Maurice (D:10)
  A cane toad (Lair:1)
  Prince Ribbit (D:7)
  2 wyverns
  4 yaks (Lair:1)
  A vampire (D:7)
  A basilisk (Lair:1)
  2 steam dragons (D:9)
  3 water moccasins
  A sky beast (D:7)
  3 orc warriors (D:9)
  2 phantoms
  2 centaurs
  A kobold brigand (D:8)
  2 bullfrogs
  4 gnoll sergeants
  2 scorpions
  13 wights
  4 killer bees (D:10)
  3 howler monkeys (D:8)
  An orc priest (D:9)
  A hound (D:5)
  2 jellies (D:6)
  2 gnoll boudas
  Jessica (D:3)
  5 iguanas
  Ijyb (D:5)
  7 sleepcaps
  7 orc wizards
  Robin (D:2)
  4 adders
  32 gnolls
  3 white imps
  2 worms
  2 dart slugs
  29 orcs
  9 ball pythons
  6 endoplasms
  5 giant cockroaches
  10 goblins
  17 hobgoblins
  5 jackals
  9 kobolds
  4 quokkas
  2 bats
  5 frilled lizards
  6 rats
234 creatures vanquished.

Vanquished Creatures (others)
  A kobold (D:8)
1 creature vanquished.

Grand Total: 235 creatures vanquished

Notes
Turn   | Place    | Note
-------+----------+-------------------------------------------
     0 | D:1      | mikuke the Minotaur Berserker began the quest for the Orb.
     0 | D:1      | Reached XP level 1. HP: 19/19 MP: 0/0
   424 | D:1      | Reached skill level 4 in Axes
   650 | D:1      | Found Uzatt's Weapon Shoppe.
   659 | D:1      | Reached XP level 2. HP: 27/27 MP: 1/1
  1113 | D:1      | Found Irphoeraj's Weapon Emporium.
  1232 | D:1      | Reached skill level 5 in Axes
  1356 | D:1      | Reached XP level 3. HP: 33/33 MP: 2/2
  2082 | D:2      | Reached ** piety under Trog
  2515 | D:2      | Reached XP level 4. HP: 39/40 MP: 3/3
  2578 | D:2      | Reached skill level 6 in Axes
  2804 | D:2      | Noticed a scorpion
  2821 | D:2      | Killed a scorpion
  2822 | D:2      | Reached XP level 5. HP: 46/46 MP: 4/4
  2833 | D:2      | Reached skill level 7 in Axes
  3005 | D:2      | Found a sacrificial altar of Ru.
  3091 | D:2      | Noticed Robin
  3295 | D:2      | Killed Robin
  3689 | D:3      | Reached skill level 1 in Maces & Flails
  3806 | D:3      | Found a basalt altar of Yredelemnul.
  3823 | D:3      | Found a blossoming altar of Fedhas.
  3827 | D:3      | Found a white marble altar of Elyvilon.
  3841 | D:3      | Found a shadowy altar of Dithmenos.
  3867 | D:3      | Found a hide-covered altar of Uskayaw.
  3909 | D:3      | Found a glowing drain.
  4530 | D:3      | Noticed Jessica
  4547 | D:3      | Killed Jessica
  4548 | D:3      | Reached XP level 6. HP: 52/52 MP: 5/5
  4666 | D:3      | Found Sistruela's Assorted Antiques.
  5068 | D:4      | Identified the +3 trident of Fecleh {freeze, Dex+4}
  5380 | D:4      | Reached *** piety under Trog
  5479 | D:4      | Reached skill level 8 in Axes
  5903 | D:5      | Entered Level 5 of the Dungeon
  6231 | D:5      | Found a staircase to the Ecumenical Temple.
  6237 | D:5      | Reached skill level 9 in Axes
  6237 | D:5      | Reached XP level 7. HP: 58/58 MP: 6/6
  6301 | Temple   | Entered the Ecumenical Temple
  6803 | D:5      | Noticed Ijyb
  6821 | D:5      | Killed Ijyb
  7437 | D:6      | Reached skill level 10 in Axes
  7789 | D:6      | Reached skill level 11 in Axes
  7849 | D:6      | Reached XP level 8. HP: 66/66 MP: 7/7
  8603 | D:7      | Noticed Prince Ribbit
  8613 | D:7      | Killed Prince Ribbit
  8614 | D:7      | Reached skill level 12 in Axes
  8879 | D:7      | Reached skill level 13 in Axes
  9126 | D:7      | Found a broken altar of Ashenzari.
  9374 | D:7      | Reached XP level 9. HP: 71/71 MP: 8/8
  9376 | D:7      | Reached skill level 14 in Axes
 10814 | D:8      | Found a staircase to the Lair.
 10989 | Lair:1   | Entered Level 1 of the Lair of Beasts
 10998 | Lair:1   | Reached skill level 15 in Axes
 11009 | Lair:1   | Reached skill level 16 in Axes
 11459 | Lair:1   | Noticed a cane toad
 11463 | Lair:1   | Killed a cane toad
 11753 | Lair:1   | Noticed a catoblepas
 11764 | Lair:1   | Killed a catoblepas
 11765 | Lair:1   | Reached skill level 17 in Axes
 11765 | Lair:1   | Reached XP level 10. HP: 78/78 MP: 9/9
 12963 | D:8      | Reached **** piety under Trog
 13117 | D:9      | Noticed Harold
 13135 | D:9      | Killed Harold
 13141 | D:9      | Reached skill level 18 in Axes
 13456 | D:9      | Identified the +5 ring mail "Catux" {rF+ Str+4 Int+3}
 14114 | D:9      | Found a burning altar of Makhleb.
 14114 | D:9      | Found a glowing silver altar of Zin.
 14115 | D:9      | Noticed an angel
 14115 | D:9      | Noticed a blizzard demon
 14268 | D:10     | Entered Level 10 of the Dungeon
 14288 | D:10     | Noticed Maurice
 14300 | D:10     | Killed Maurice
 14301 | D:10     | Reached skill level 19 in Axes
 14571 | D:10     | Noticed a two-headed ogre
 14579 | D:10     | Noticed a seven-headed hydra
 14582 | D:10     | Killed a two-headed ogre
 14587 | D:10     | HP: 4/117 [11-headed hydra (10)]
 14587 | D:10     | Slain by an 11-headed hydra

Illustrated notes

Levels and vault maps discovered:
D:1:      giann_horns, layout_rooms, serial_shops,
          nicolae_shop_tiny_statue_garden, nicolae_shop_advertising_works
          [nicolae_subvault_shop_adworks], due_unseen_surprise
D:2:      minmay_chambers_of_ones, layout_loops_cross, basic_altar, uniq_robin
D:3:      layout_loops_ring, minmay_overflow_temple_star_hex,
          portal_sewer_entry_e, serial_shops, nicolae_shop_peninsula,
          uniq_jessica
D:4:      layout_loops_ring
D:5:      layout_basic, minmay_temple_entry_glass, uniq_ijyb
D:6:      layout_basic
D:7:      layout_loops_ring, mainiacjoe_overflow_six_doors_small,
          minmay_misc_feat_tiny, chequers_serial_rivers_small_3,
          hangedman_decor_opposing, uniq_prince_ribbit1
D:8:      layout_gridville, dpeg_oklobed_lair
D:9:      layout_long_grid, grunt_temple_overflow_order_and_chaos_2, uniq_harold
D:10:     layout_basic, nemelex_spade_bored_becter, serial_rivers,
          chequers_serial_rivers_room_b, chequers_serial_rivers_micro_b,
          chequers_serial_rivers_micro_a, chequers_serial_rivers_large_b,
          chequers_serial_rivers_marsh, minmay_circle_x, uniq_maurice,
          uniq_erica
Temple:   nicolae_temple_ecumenical_triangle
Lair:1:   layout_small_grid

Skill      XL: |  1  2  3  4  5  6  7  8  9 10 |
---------------+-------------------------------+-----
Axes           | 4 5 6 7 9 11 13 17 19 | 19.4
Maces & Flails | 2 |  2.8
Fighting       | |  3.7
Armour         | |  2.4
Dodging        | |  2.2

Action                     |  1- 3 |  4- 6 |  7- 9 | 10-12 || total
---------------------------+-------+-------+-------+-------++-------
  Melee: Hand axe          |    74 |    55 |       |       ||   129
         Headbutt          |     9 |    19 |    33 |    17 ||    78
         Mace              |       |    58 |       |       ||    58
         War axe           |       |    46 |   202 |   115 ||   363
         Punch             |       |     2 |     5 |       ||     7
  Throw: Stone             |    13 |     1 |       |       ||    14
         Dart              |       |     3 |     6 |       ||     9
 Invoke: Berserk           |     1 |     6 |     9 |     3 ||    19
  Evoke: Wand              |       |       |     1 |       ||     1
    Use: Potion            |     3 |     3 |     2 |       ||     8
         Scroll            |     2 |     6 |     4 |     5 ||    17
 Armour: Animal skin       |     8 |       |       |       ||     8
         Ring mail         |     1 |    29 |       |    13 ||    43
         Chain mail        |       |     9 |    55 |    11 ||    75
  Dodge: Dodged            |    49 |    81 |    84 |    76 ||   290
  Block: Other             |       |    21 |    38 |    34 ||    93
         Reflection        |       |     1 |       |     4 ||     5
